 Dungeon Crawl Stone Soup version 0.28.0-43-g3370ac3207 (webtiles) character file.

Game seed: 1764839651599486188

56 sking99 the Ruffian (level 3, -5/36 HPs)
             Began as an Ogre Transmuter on Mar 17, 2022.
             Killed from afar by an orc wizard (7 damage)
             ... with a magic dart
             ... on level 2 of the Dungeon.
             The game lasted 00:03:02 (2167 turns).

sking99 the Ruffian (Ogre Transmuter)               Turns: 2167, Time: 00:03:03

Health: -5/36      AC:  3    Str: 14    XL:     3   Next: 97%
Magic:  6/6        EV: 10    Int: 16    God:
Gold:   24         SH:  0    Dex:  9    Spells: 0/6 levels left

rFire   . . .      SeeInvis .     - Unarmed
rCold   . . .      Faith    .   (no shield)
rNeg    . . .      Spirit   .   a - +0 robe
rPois   .          Reflect  .   (helmet restricted)
rElec   .          Harm     .   (no cloak)
rCorr   .          Rampage  .   (gloves unavailable)
Will    .....                   (boots unavailable)
Stlth   +.........              (no amulet)
HPRegen 0.12/turn               (no ring)
MPRegen 0.10/turn               (no ring)

@: no status effects
A: large, unfitting armour, tough skin 1
a: no special abilities


You were on level 2 of the Dungeon.
You visited 1 branch of the dungeon, and saw 2 of its levels.

You collected 24 gold pieces.

Inventory:

Armour
 a - a +0 robe (worn)
Scrolls
 b - a scroll of enchant weapon {unknown}
 c - a scroll of fear {unknown}
 d - a scroll of teleportation {unknown}
 g - a scroll of identify {unknown}
Potions
 e - a potion of might {unknown}
 f - a potion of haste {unknown}


   Skills:
 - Level 2.5 Fighting
 - Level 2.3 Dodging
 + Level 3.5 Unarmed Combat
 - Level 2.4 Spellcasting
 * Level 1.8 Transmutations
 + Level 0.1 Poison Magic


You couldn't memorise any spells.
You knew the following spells:

 Your Spells              Type           Power      Damage    Failure   Level
a - Beastly Appendage     Tmut           16%        N/A       9%          1
b - Wereblood             Tmut           8%         N/A       14%         2
c - Spider Form           Tmut/Pois      5%         N/A       36%         3

Your spell library contained the following spells:

 Spells                   Type           Power      Damage    Failure   Level
 Magic Dart               Conj           4%         1d3       21%         1
 Call Imp                 Summ           1%         N/A       30%         2
 Mephitic Cloud           Conj/Pois/Air  2%         N/A       52%         3
 Ice Form                 Ice/Tmut       4%         N/A       80%         4


Dungeon Overview and Level Annotations

Branches:
Dungeon (2/15)

Altars:


Innate Abilities, Weirdness & Mutations

You are too large for most types of armour.
You have tough skin. (AC +1)


Message History

You barely miss the orc.
The orc is severely wounded.
The orc closely misses you.
You hit the orc.
You kill the orc!
You barely miss something.
You hear some strange, mumbled words.
A magic dart appears from out of thin air!
The magic dart hits you.
You closely miss something. Something completely misses you.
You miss something. Something hits you but does no damage.
You miss something. Something hits you.
You closely miss something. Something hits you.
You miss something. Something hits you but does no damage.
You barely miss something. Something hits you.
You miss something.
You hear some strange, mumbled words.
A magic dart appears from out of thin air!
The magic dart hits you.
You closely miss something. Something hits you.
You closely miss something. Something hits you but does no damage.
You closely miss something. Something hits you.
* * * LOW HITPOINT WARNING * * *
You hit something but do no damage. You closely miss something.
Something hits you but does no damage.
You closely miss something. Something hits you.
* * * LOW HITPOINT WARNING * * *
You closely miss something. Something hits you.
* * * LOW HITPOINT WARNING * * *
You miss something. Something hits you.
* * * LOW HITPOINT WARNING * * *
You miss something. Something hits you.
* * * LOW HITPOINT WARNING * * *
You closely miss something. Something hits you.
* * * LOW HITPOINT WARNING * * *
You hit something.
You hear some strange, mumbled words.
A magic dart appears from out of thin air!
The magic dart hits you!
You die...

#........#...##..#
#........#...##..#
#........#...##..#
#........#...##..#
#........#...##..#
#........#...##..#
#........'........
#........#...#..##
#@######.#####..#
#{# ### #..#
########o# #..#
.........# # #..#
.........# .# #..#
.........# ..#
#..# .........#
o..# #..#
#......#.##o...##
######.#...oo....


You could see an orc.

Vanquished Creatures
  An adder (D:2)
  A worm (D:2)
  A dart slug (D:1)
  3 orcs (D:2)
  3 ball pythons (D:1)
  A bat (D:1)
  3 endoplasms
  A giant cockroach (D:1)
  4 hobgoblins
  4 jackals (D:1)
  2 quokkas (D:1)
  3 frilled lizards (D:1)
  2 goblins (D:1)
  3 kobolds (D:1)
  5 rats (D:1)
37 creatures vanquished.

Notes
Turn   | Place    | Note
-------+----------+-------------------------------------------
     0 | D:1      | sking99 the Ogre Transmuter began the quest for the Orb.
     0 | D:1      | Reached XP level 1. HP: 19/19 MP: 3/3
   157 | D:1      | HP: 1/20 [quokka (3)]
   161 | D:1      | Reached XP level 2. HP: 2/28 MP: 3/5
   483 | D:1      | Reached skill level 3 in Unarmed Combat
  1099 | D:1      | Reached XP level 3. HP: 35/35 MP: 6/6
  1423 | D:1      | Found a faded altar of an unknown god.
  2024 | D:2      | Learned a level 2 spell: Wereblood
  2028 | D:2      | Learned a level 3 spell: Spider Form
  2167 | D:2      | Killed from afar by an orc wizard

Illustrated notes

Levels and vault maps discovered:
D:1:      lemuel_arrival_lava_pool, layout_basic,
          shapermc_ecumenical_altar_notcrosses
D:2:      layout_basic, minmay_strange_pillars, kennysheep_generic_room_7

Skill      XL: |  1  2 |
---------------+-------+-----
Unarmed Combat | 3 |  3.5
Dodging        | 2 |  2.3
Fighting       | 2 |  2.5
Spellcasting   | |  2.4
Transmutations | |  1.8
Poison Magic   | |  0.1

Action                   || total
-------------------------++-------
Melee: Unarmed           ||   159
       Kick              ||     8
       Headbutt          ||     8
       Punch             ||     4
 Cast: Beastly Appendage ||     8
  Use: Potion            ||     1
 Stab: Sleeping          ||     1
Armor: Robe              ||    46
Dodge: Dodged            ||    60
